 Dungeon Crawl Stone Soup version 0.30.1-11-g7821555f0a (webtiles) character file.

Game seed: 257452799482890818

83 KittyFluff the Trooper (level 4, 0/29 HPs)
             Began as a Gargoyle Berserker on Oct 30, 2023.
             Was a Believer of Trog.
             Slain by an orc
             ... wielding a +0 hand axe
              (2 damage)
             ... on level 4 of the Dungeon.
             The game lasted 00:08:06 (2089 turns).

KittyFluff the Trooper (Gargoyle Berserker)         Turns: 2089, Time: 00:08:08

Health: 0/29       AC:  7    Str: 22    XL:     4   Next: 44%
Magic:  0/4        EV: 11    Int:  8    God:    Trog [**....]
Gold:   156        SH:  0    Dex:  9    Spells: 3/3 levels left

rFire   . . .        a - +0 mace
rCold   . . .        (no shield)
rNeg    + . .        j - +0 leather armour
rPois   ∞            (no helmet)
rElec   +            (no cloak)
rCorr   .            (no gloves)
SInv    .            (no boots)
Will    .....        e - amulet of guardian spirit
Stlth   +            (no ring)
HPRegen 0.24/turn    (no ring)
MPRegen 0.09/turn

%: guardian spirit
@: no status effects
A: sickness immunity, AC +3, negative energy resistance 1, electricity
resistance, torment resistance 1, petrification resistance
a: Renounce Religion, Berserk, Trog's Hand


You were on level 4 of the Dungeon.
You worshipped Trog.
Trog was pleased with you.
You visited 1 branch of the dungeon, and saw 4 of its levels.

You collected 156 gold pieces.

Inventory:

Hand Weapons
 a - a +0 mace (weapon)
 m - a +0 sling
Missiles
 b - 12 poisoned darts (quivered)
Armour
 j - a +0 leather armour (worn)
Jewellery
 e - an amulet of guardian spirit (around neck)
Scrolls
 f - a scroll of teleportation {unknown}
 g - 4 scrolls of identify {unknown}
 k - a scroll of immolation {unknown}
 n - a scroll of fear {unknown}
Potions
 c - 2 potions of mutation {unknown}
 d - 2 potions of attraction {unknown}
 h - 2 potions of berserk rage {unknown}
 i - a potion of flight {unknown}
 l - a potion of heal wounds {unknown}
 o - 2 potions of curing {unknown}


   Skills:
 + Level 3.7 Fighting
 * Level 3.7 Maces & Flails
 * Level 3.3 Armour
 + Level 2.1 Dodging


You had 3 spell levels left.
You didn't know any spells.
Your spell library was empty.

Dungeon Overview and Level Annotations

Branches:
Dungeon (4/15)
 Temple: D:4-7

Altars:
Zin

Shops:
D:3 *


Innate Abilities, Weirdness & Mutations

You are immune to sickness and miasma.
Your stone body is resilient. (AC +3)
You are immune to poison.
You resist negative energy. (rN+)
You are resistant to electric shocks. (rElec)
You are resistant to unholy torment.
You are immune to petrification.


Message History

The adder bites you but does no damage. x2
You hit the phantom but do no damage.
The phantom is almost destroyed.
The jackal barely misses you.
The jackal bites you but does no damage.
The phantom barely misses you. The orc hits you with a +0 hand axe.
The adder barely misses you. The adder bites you but does no damage.
The jackal bites you but does no damage. x2
You hit the phantom.
The phantom is almost destroyed.
The adder closely misses you. The adder bites you but does no damage.
The phantom hits you.
The phantom blinks!
You blink.
The phantom barely misses you.
You miss the phantom.
The phantom is almost destroyed.
The phantom hits you.
* * * LOW HITPOINT WARNING * * *
The goblin closely misses you.
You completely miss the phantom.
The phantom is almost destroyed.
The jackal bites you.
* * * LOW HITPOINT WARNING * * *
The phantom hits you but does no damage.
The goblin completely misses you. The orc hits you but does no damage.
The jackal bites you.
* * * LOW HITPOINT WARNING * * *
You closely miss the phantom.
The phantom is almost destroyed.
The jackal bites you but does no damage.
The jackal barely misses you. The phantom hits you.
* * * LOW HITPOINT WARNING * * *
The goblin closely misses you. The orc hits you but does no damage.
You barely miss the phantom.
The phantom is almost destroyed.
The jackal bites you.
* * * LOW HITPOINT WARNING * * *
The jackal bites you but does no damage. x2
The phantom hits you but does no damage.
The orc hits you with a +0 hand axe.
You die...

##........................
##......................#
#.#.....:...............
........^..>.....[.......
..........................
.. .......#..w....#.....#
.........S........#
....#...ogh...>.....#
....##..h@WS.........#
..........h....####..#
......###......# .. ..#
#.....[# . . ##.#...#
#....... ##....## ..###


You could see a phantom, 2 adders, a dart slug, an orc, 3 jackals and a goblin.

Vanquished Creatures
  A hound (D:2)
  2 adders (D:3)
  2 orcs (D:3)
  An endoplasm (D:3)
  A giant cockroach (D:2)
  2 goblins
  6 hobgoblins
  2 quokkas (D:1)
  2 ball pythons
  6 bats
  A frilled lizard (D:3)
  2 kobolds
  6 rats
34 creatures vanquished.

Notes
Turn   | Place    | Note
-------+----------+-------------------------------------------
     0 | D:1      | KittyFluff the Gargoyle Berserker began the quest for the
                  | Orb.
     0 | D:1      | Reached XP level 1. HP: 14/14 MP: 1/1
   381 | D:1      | Reached XP level 2. HP: 19/19 MP: 2/2
  1317 | D:2      | Reached XP level 3. HP: 20/24 MP: 3/3
  1546 | D:3      | Reached ** piety under Trog
  1569 | D:3      | Reached XP level 4. HP: 28/29 MP: 2/4
  1592 | D:3      | Found a faded altar of an unknown god.
  1685 | D:3      | Found Zin's Purification Station.
  1712 | D:3      | Found a glowing silver altar of Zin.
  2064 | D:4      | Noticed a phantom
  2089 | D:4      | Slain by an orc

Illustrated notes

Levels and vault maps discovered:
D:1:      dpeg_arrival_court, layout_loops_ring
D:2:      layout_loops_ring, nicolae_figureground_pulse
D:3:      layout_basic, zin_purify, ebering_ecumenical_altar_webs
D:4:      layout_rooms, bloody_makhleb

Skill      XL: |  1  2 |
---------------+-------+-----
Armour         | 3 |  3.3
Dodging        | 2 |  2.1
Fighting       | |  3.7
Maces & Flails | |  3.7

Action                     |  1- 3 |  4- 6 || total
---------------------------+-------+-------++-------
  Melee: Mace              |    83 |    45 ||   128
         Punch             |       |     2 ||     2
   Stab: Sleeping          |     1 |       ||     1
 Armour: Animal skin       |    16 |       ||    16
         Leather armour    |    24 |    40 ||    64
  Dodge: Dodged            |    65 |    52 ||   117
